[Event "*** Titled Tuesday Blitz"]
[Site "Chess.com"]
[Date "2021.04.20"]
[Round "11"]
[White "Iskusnyh"]
[Black "ShahMatKanal"]
[Result "1-0"]
[WhiteElo "2598"]
[BlackElo "2396"]
[TimeControl "180+1"]
[EndTime "12:06:31 PDT"]
[Termination "Iskusnyh won on time"]

1. d4 d5 2. c4 e6 3. Nc3 Nf6 4. cxd5 exd5 5. Bg5 c6 6. e3 Be7 7. Bd3 h6 8. Bh4 O-O 9. Qc2 Re8 10. Nge2 Ne4 11.
Bxe7 Qxe7 12. Bxe4 dxe4 13. O-O Nd7 14. Rac1 Nf6 15.
Na4 h5 16. Qc5 Qe6 17. Nf4 Qxa2 18. Nc3 Qb3 19. Nxh5 Nxh5 20. Qxh5 Qxb2 21. f3 exf3 22. Qxf3 Be6 23. e4 Qb6 24. Rcd1 Rad8 25. Qf2 Qa5 26. d5 cxd5 27. exd5 Rxd5 28. Nxd5 Bxd5 29. Ra1 Qb6 30. Rxa7 Qg6 31. Ra3 Bc4 32. Rg3 Qe4 33. Rc1 b5 34. Qb2 g6 35. Rh3 Qe5 36. Qxe5 Rxe5 37. Rhc3 Re2 38.
Rd1 Kg7 39. h3 Rb2 40. Rd7 Be6 41. Rb7 b4 42. Re3 b3 43. Rxe6 1-0

[Event "*** Titled Tuesday Blitz"]
[Site "Chess.com"]
[Date "2021.04.20"]
[Round "11"]
[White "Rytenko_V"]
[Black "LamaChampetre"]
[Result "1-0"]
[WhiteElo "2342"]
[BlackElo "2210"]
[TimeControl "180+1"]
[EndTime "12:06:32 PDT"]
[Termination "Rytenko_V won on time"]

1. d4 Nf6 2. c4 g6 3. Nc3 d5 4. Nf3 Bg7 5. Bg5 Ne4 6. Bf4 Nxc3 7. bxc3 dxc4 8. a4 O-O 9. e3 Be6 10. Ng5 Bd5 11. e4 h6 12. Nf3 Bxe4 13. Bxc4 Nd7 14. Qe2 Nf6 15. O-O Kh7 16. Rfe1 e6 17. h4 Bd5 18. Bd3 Nh5 19. Bd2 Bxf3 20. Qxf3 Qxh4 21. g3 Qh3 22. Re4 Bf6 23. Rg4 Rad8 24. Bf1 Qxg4 25.
Qxg4 Bg7 26. Bd3 Nf6 27. Qf3 c5 28. Be3 Nd5 29. Be4 Nxc3 30. Bxb7 cxd4 31. Bd2 d3 32. Bxc3 Bxc3 33. Rd1 Bg7 34. Rxd3 Rb8 35. a5 Rfe8 36.
Qxf7 Rf8 37. Qc7 h5 38. Rd7 Rg8 39. Rxg7+ Rxg7 40. Qxb8 Kh6 41. a6 h4 42. Qf4+ Kh7 43. Qxh4+ Kg8 44. Qe4 Kf7 45. Qe5 Rh7 46. Bc8 Kg8 47.
Bxe6+ Kf8 48. Qf6+ Ke8 49. Bg4 1-0

[Event "*** Titled Tuesday Blitz"]
[Site "Chess.com"]
[Date "2021.04.20"]
[Round "11"]
[White "KonstantinB_1983"]
[Black "KetiGrant"]
[Result "0-1"]
[WhiteElo "2498"]
[BlackElo "2360"]
[TimeControl "180+1"]
[EndTime "12:06:33 PDT"]
[Termination "KetiGrant won by resignation"]

1. d4 Nf6 2. c4 g6 3. Nc3 Bg7 4.
e4 d6 5. Nf3 O-O 6. h3 e5 7. d5 c6 8. Be2 cxd5 9. cxd5 Nh5 10. Bg5 Bf6 11. Be3 Nf4 12. Bf1 Bg7 13. g3 Nh5 14. Bg2 f5 15. Bd2 f4 16. g4 Nf6 17.
Rc1 Na6 18. Qe2 Bd7 19. O-O h5 20. Nh2 hxg4 21. hxg4 Nh7 22. f3 Bf6 23. Be1 Bh4 24. Bxh4 Qxh4 25. Qf2 Qg3 26. Rfd1 Ng5 27. Qxg3 fxg3 28.
Nf1 Nxf3+ 29. Bxf3 Rxf3 30. Kg2 Raf8 31. Rd2 Rf2+ 32.
Rxf2 Rxf2+ 33. Kxg3 Rxb2 34. Nh2 Nc5 35. Nf3 Nd3 36.
Rb1 Rxb1 37. Nxb1 b5 38. g5 b4 39. Nfd2 Bb5 40. a3 a5 41. axb4 axb4 42. Kf3 Kf7 43.
Ke3 Nc5 44. Nf3 Ke7 45. Nbd2 b3 46. Nh4 Kf7 47. Ng2 b2 48. Ne1 Ba4 49. Nb1 Bb3 50. Nd3 Bc2 51. Nxc5 dxc5 52. Nd2 b1=Q 53. Nxb1 Bxb1 54.
d6 Ke6 55. Kf3 Kxd6 56. Ke3 Ke6 57. Kd2 c4 58. Ke3 Bc2 0-1

[Event "*** Titled Tuesday Blitz"]
[Site "Chess.com"]
[Date "2021.04.20"]
[Round "11"]
[White "Anton_Demchenko"]
[Black "Korchmar_Vasiliy"]
[Result "1-0"]
[WhiteElo "2911"]
[BlackElo "2681"]
[TimeControl "180+1"]
[EndTime "12:06:34 PDT"]
[Termination "Anton_Demchenko won on time"]

1. e4 c5 2. Nf3 d6 3. d4 cxd4 4.
Qxd4 Nc6 5. Qe3 Nf6 6. Nc3 g6 7. h3 Bg7 8. Bc4 O-O 9. O-O Be6 10. Bxe6 fxe6 11. Ne2 Qd7 12. Rd1 Nh5 13. c3 e5 14. Qd3 Kh8 15. b4 Nd8 16. c4 Ne6 17. c5 Rad8 18. cxd6 exd6 19. Ng5 Qe7 20. Nxe6 Qxe6 21.
Bg5 Rd7 22. Qd5 Qe8 23. Qb3 h6 24. Be3 g5 25. Ng3 Nxg3 26. fxg3 Qg6 27. Qd5 g4 28. h4 a6 29. Rac1 Rdf7 30. Rf1 h5 31. Rxf7 Rxf7 32.
a4 Kh7 33. Rd1 Rd7 34. Rf1 Bh6 35. Bxh6 Qxh6 36. Kh2 Qg6 37. Rf5 Re7 38. Rg5 Qf7 39. Qd3 Re6 40. Rf5 Rf6 41. Rg5 Re6 42. Qd5 Kh6 43. b5 1-0

[Event "*** Titled Tuesday Blitz"]
[Site "Chess.com"]
[Date "2021.04.20"]
[Round "11"]
[White "Diaschess88"]
[Black "SchmakAttack"]
[Result "1-0"]
[WhiteElo "2544"]
[BlackElo "2620"]
[TimeControl "180+1"]
[EndTime "12:06:34 PDT"]
[Termination "Diaschess88 won on time"]

1. d4 Nf6 2. c4 e6 3. Nc3 Bb4 4.
Nf3 b6 5. Qc2 Bb7 6. a3 Bxc3+ 7.
Qxc3 d6 8. e3 Ne4 9. Qc2 Nd7 10.
Bd3 f5 11. b4 O-O 12. Bb2 Qe7 13. O-O Rf6 14. d5 Rh6 15. Nd4 Qh4 16. h3 Ne5 17. f3 Ng5 18. Rf2 Qg3 19. Kf1 Nxd3 20. Qxd3 Rf8 21. dxe6 Nxh3 22. gxh3 Rxh3 23. Ke2 Rh2 24.
Rf1 f4 25. e4 Rh3 26. Nf5 Qg5 27. Nxg7 b5 28. cxb5 Ra8 29. Nf5 a6 30. b6 a5 31.
b5 cxb6 32. e7 Re8 33. Nxd6 Rxe7 34. Nxb7 Rxb7 35. Qc4+ Kf8 36. Rd1 Re7 37. Rd8+ Re8 38. Rxe8+ Kxe8 39. Qe6+ Kf8 40. Be5 Rh1 41. Bd6+ Kg7 42.
Be5+ Kf8 43. Bf6 Qxb5+ 44. Kd2 1-0

[Event "*** Titled Tuesday Blitz"]
[Site "Chess.com"]
[Date "2021.04.20"]
[Round "11"]
[White "woodhy"]
[Black "kingofthenil"]
[Result "0-1"]
[WhiteElo "2503"]
[BlackElo "2634"]
[TimeControl "180+1"]
[EndTime "12:06:34 PDT"]
[Termination "kingofthenil won by checkmate"]

1. e4 Nc6 2. Nf3 d5 3. exd5 Qxd5 4. Nc3 Qh5 5. Bb5 Bg4 6. h3 O-O-O 7. Bxc6 bxc6 8. d3 e6 9. Be3 Nf6 10. Qe2 Bb4 11.
a3 Ba5 12. O-O Bxf3 13. Qxf3 Qxf3 14. gxf3 Bxc3 15. bxc3 a6 16. c4 g5 17. Rab1 Rhg8 18.
Rb3 Nd7 19. Rfb1 Ne5 20. Kg2 Kd7 21. Rb7 Ng6 22. Kf1 Nh4 23. Ke2 Ra8 24. Rg1 f6 25. f4 h6 26. fxg5 hxg5 27. Rg4 e5 28.
Rg1 Rgb8 29. Rgb1 Rxb7 30. Rxb7 Nf5 31. Bc5 Ng7 32. Bb6 Ne6 33. Be3 f5 34. Kf3 Rh8 35.
Kg2 f4 36. Bb6 Ra8 37. Ba5 Kc8 38. Rb2 Nd4 39. Bc3 f3+ 40. Kf1 Kd7 41. Bxd4 exd4 42. c5 Rh8 43. Rb4 Rxh3 44. Kg1 Rh4 45. Rc4 Ke6 46.
c3 dxc3 47. Rxc3 Rg4+ 48. Kf1 Rh4 49. Kg1 Kd5 50. d4 g4 51. Rd3 Rh8 52. Kf1 Rh1# 0-1

[Event "*** Titled Tuesday Blitz"]
[Site "Chess.com"]
[Date "2021.04.20"]
[Round "11"]
[White "ybruned"]
[Black "ukchessbomber"]
[Result "1-0"]
[WhiteElo "2355"]
[BlackElo "2520"]
[TimeControl "180+1"]
[EndTime "12:06:34 PDT"]
[Termination "ybruned won on time"]

1. b3 a5 2. Bb2 a4 3. a3 d5 4. b4 Nf6 5. e3 c5 6. bxc5 e6 7. d4 Be7 8. Nf3 O-O 9. Be2 b6 10. cxb6 Qxb6 11. Bc1 Kh8 12. O-O Rg8 13. c4 dxc4 14. Ne5 Rf8 15. Nxc4 Qc7 16. Ne5 Bb7 17.
Nd2 Nd5 18. Bb2 f6 19. Nec4 Nc6 20. Rc1 Nb6 21. Bf3 Nxc4 22. Nxc4 Qd8 23. Qc2 Rc8 24. Qxa4 Ra8 25. Qb3 Rb8 26. Qa2 Na5 27. Bxb7 Nxb7 28. e4 f5 29. exf5 Qd5 30. Qa1 Nd6 31. Nxd6 Bxd6 32. fxe6 Qh5 33. g3 Be7 34. d5 Bf6 35. Bxf6 Rxf6 36. Qd4 Rh6 37. h4 Rg6 38. e7 Rd6 39.
Qe4 Re8 40. Rcd1 Kg8 41. Rfe1 Qf7 42. Qe5 Qg6 43. Qe4 Qf7 44. a4 Kh8 45. a5 Kg8 46. Qe5 Qg6 47. a6 Rxa6 48. d6 Ra7 49. d7 Rxd7 50.
Rxd7 h6 51. Rd8 Kh7 52. Rxe8 Qxe8 53. Qe4+ Kh8 54. h5 g5 55. Qg6 1-0

[Event "*** Titled Tuesday Blitz"]
[Site "Chess.com"]
[Date "2021.04.20"]
[Round "11"]
[White "kritipatel"]
[Black "chessdiamant"]
[Result "0-1"]
[WhiteElo "1764"]
[BlackElo "2312"]
[TimeControl "180+1"]
[EndTime "12:06:34 PDT"]
[Termination "chessdiamant won by checkmate"]

1. e4 e6 2. d4 d5 3. Nc3 Nf6 4. e5 Nfd7 5. f4 c5 6. Nf3 Nc6 7. Be3 cxd4 8. Nxd4 Bc5 9. Ncb5 O-O 10. Be2 a6 11.
Nc3 Nxd4 12. Bxd4 b5 13. Bxc5 Nxc5 14. O-O b4 15. Qd4 bxc3 16. Qxc5 cxb2 17. Rab1 Rb8 18.
Qc3 Qb6+ 19. Kh1 Bd7 20. Bd3 Qb4 21. Qc7 Bb5 22. c3 Qa3 23. Bxb5 Rxb5 24. f5 exf5 25.
Rxf5 Qxa2 26. Rff1 Ra5 27. e6 Qxb1 28. exf7+ Kh8 29. Rxb1 Ra1 30. h3 Rxb1+ 31. Kh2 Rh1+ 32. Kxh1 b1=Q+ 33. Kh2 Qf5 34. Qe7 Qxf7 35. Qe3 Qf4+ 36. Qxf4 Rxf4 37. Kg3 Rc4 38. h4 Rxc3+ 39. Kg4 a5 40. Kh5 a4 41. g4 a3 42. g5 a2 43. g6 hxg6+ 44. Kxg6 a1=Q 45. Kh5 Qd1+ 46. Kg5 Rg3+ 47. Kf5 Qf3+ 48. Ke6 Qe4+ 49. Kd7 Rc3 50. Kd6 d4 51. h5 d3 52. h6 gxh6 53. Kd7 d2 54. Kd6 d1=R# 0-1

[Event "*** Titled Tuesday Blitz"]
[Site "Chess.com"]
[Date "2021.04.20"]
[Round "11"]
[White "Matols"]
[Black "buhomurciano"]
[Result "0-1"]
[WhiteElo "2241"]
[BlackElo "2197"]
[TimeControl "180+1"]
[EndTime "12:06:34 PDT"]
[Termination "buhomurciano won by resignation"]

1. d4 d5 2. c4 e6 3. Nf3 c6 4. g3 Nf6 5. Bg2 dxc4 6. O-O Be7 7.
Ne5 O-O 8. Nxc4 c5 9. dxc5 Bxc5 10. Nc3 Nc6 11. a3 Qe7 12. b4 Bd4 13. Bb2 Rd8 14. Qb3 a6 15. e3 Ba7 16. b5 axb5 17. Nxb5 e5 18. Nxa7 Rxa7 19. Rfd1 Be6 20. Qc3 Nd5 21. Qe1 f6 22. Rac1 Raa8 23. Be4 Rac8 24. Qe2 Qf7 25. Bxd5 Bxd5 26. Nb6 Bb3 27. Nxc8 Bxd1 28. Rxd1 Rxc8 29.
Qb5 Qc7 30. Qd5+ Kf8 31. Qc5+ Qe7 32. Qxe7+ Kxe7 33. Kf1 Rd8 34. Ke2 Rxd1 35. Kxd1 Ke6 36. Kc2 Kd5 37. Kd3 e4+ 38. Kc3 Ne5 39. a4 Nd3 40. f3 Nxb2 41. fxe4+ Kxe4 42. Kxb2 Kxe3 43. Kc3 f5 44. Kc4 g5 45. Kb5 f4 46. gxf4 gxf4 47. Kb6 f3 48. Kxb7 f2 49. a5 f1=Q 50. a6 Qb5+ 51.
Ka7 Kd4 52. h4 Kc5 53. h5 Kc6 54. h6 Kc7 0-1

[Event "*** Titled Tuesday Blitz"]
[Site "Chess.com"]
[Date "2021.04.20"]
[Round "11"]
[White "zmeeed67"]
[Black "champ2005"]
[Result "0-1"]
[WhiteElo "2541"]
[BlackElo "2971"]
[TimeControl "180+1"]
[EndTime "12:06:36 PDT"]
[Termination "champ2005 won on time"]

1. d4 Nf6 2. c4 g6 3. Nc3 Bg7 4. e4 O-O 5. Be2 c5 6. d5 d6 7. Bg5 e6 8. Qd2 exd5 9. exd5 Re8 10. Nf3 Qc7 11. O-O Bg4 12. Rae1 a6 13. h3 Bxf3 14. Bxf3 Nbd7 15. Rxe8+ Rxe8 16. Re1 Rxe1+ 17. Qxe1 Ne5 18.
Be2 h6 19. Bd2 Qe7 20. f4 Ned7 21. Bf3 Qd8 22. b3 Ne8 23. g4 Nc7 24. a4 Qf8 25. a5 Ne8 26. Kg2 Nef6 27. Na4 Qd8 28. b4 cxb4 29. Bxb4 Ne8 30. Qe3 Bf8 31. Be2 g5 32. fxg5 hxg5 33. Bc3 Bg7 34. Bxg7 Nxg7 35. Nb6 Nc5 36. Bd1 Qf6 37. Nc8 Kf8 38. Be2 Qd8 39. Nb6 Qf6 40. Qxc5 dxc5 41. Nd7+ Ke7 42. Nxf6 Kxf6 43.
Bf3 Ne8 44. Kg3 Nd6 45. Be2 Ke5 46. h4 gxh4+ 47. Kxh4 Kf4 48. Kh5 Ke3 49. Bf1 Kf2 50. Bd3 Kf3 51. Kg5 Ke3 0-1

[Event "*** Titled Tuesday Blitz"]
[Site "Chess.com"]
[Date "2021.04.20"]
[Round "11"]
[White "Indianlad"]
[Black "Arystanner"]
[Result "0-1"]
[WhiteElo "2909"]
[BlackElo "2825"]
[TimeControl "180+1"]
[EndTime "12:06:37 PDT"]
[Termination "Arystanner won by resignation"]

1. c4 e6 2. g3 d5 3. Bg2 dxc4 4. Qa4+ Nd7 5. Qxc4 a6 6. Qc2 c5 7. Nf3 Ra7 8. O-O b5 9. d4 Bb7 10. Rd1 Ngf6 11.
dxc5 Bxc5 12. Qxc5 Nxc5 13. Rxd8+ Kxd8 14. Be3 Bxf3 15. Bxc5 Rc7 16. Bb6 Bxg2 17. Kxg2 Nd5 18. Bxc7+ Kxc7 19. Nd2 Rd8 20. Rc1+ Kb6 21. Ne4 h6 22. a3 a5 23. h4 Nf6 24. Nxf6 gxf6 25. Rc2 a4 26. Kf3 Rd4 27. e3 Rd5 28. g4 Rc5 29. Rd2 Kc7 30. Kg3 Rc1 31. f4 Rg1+ 32. Kf3 Rh1 33. h5 Rh3+ 34. Ke4 Rg3 35. Rc2+ Kd6 36. Rc8 Rxg4 37.
Rh8 Rg2 38. Rxh6 f5+ 39. Kf3 Rxb2 40. Rh8 Ke7 41. Kg3 Kf6 42. Rg8 Rb1 43. Kg2 Rb2+ 44. Kg3 Rb1 45. Kh2 Rb2+ 46. Kh3 Rb1 47. Rb8 Rb3 48. Kh4 Rxa3 49. Rxb5 Ra1 50. Rb8 a3 51. Ra8 a2 52. h6 Rh1+ 53. Kg3 a1=Q 0-1

[Event "*** Titled Tuesday Blitz"]
[Site "Chess.com"]
[Date "2021.04.20"]
[Round "11"]
[White "Cambek64"]
[Black "UCantHandleDenker"]
[Result "1-0"]
[WhiteElo "2485"]
[BlackElo "2579"]
[TimeControl "180+1"]
[EndTime "12:06:37 PDT"]
[Termination "Cambek64 won on time"]

1. e4 d6 2. d4 Nf6 3. Nc3 e5 4. dxe5 dxe5 5. Qxd8+ Kxd8 6. Bc4 Be6 7. Bxe6 fxe6 8. f3 Bd6 9. Be3 Ke7 10. O-O-O Nbd7 11. Nge2 a6 12. Kb1 b5 13. Nc1 c5 14. N3e2 c4 15.
Rd2 Bc5 16. Bxc5+ Nxc5 17. Rhd1 Rhc8 18. Rf1 Rc7 19. Rfd1 Rb8 20. c3 a5 21. Rc2 h6 22.
a3 Nfd7 23. Ng3 Nb6 24. Nf1 Na6 25. Ne3 b4 26. axb4 axb4 27. cxb4 Nxb4 28. Rc3 Na6 29.
Rd2 Na4 30. Rxc4 N6c5 31. Rdc2 Rcb7 32. Nd1 Rb5 33. Ne2 Ra8 34. Ndc3 Nxc3+ 35. Nxc3 Nb3 36. Ra4 Rxa4 37. Nxa4 Ra5 38. Rc3 Nd2+ 39. Kc2 Nxf3 40. gxf3 Rxa4 41. Kb3 Ra7 42. Kc2 g5 43. b4 Kd6 44.
Kb3 h5 45. h3 Ra1 46. b5 Rb1+ 47.
Kc4 Rb2 48. Rb3 Rxb3 49. Kxb3 Kc5 50. Ka4 1-0

[Event "*** Titled Tuesday Blitz"]
[Site "Chess.com"]
[Date "2021.04.20"]
[Round "11"]
[White "rachidhuilda"]
[Black "suneebaker"]
[Result "1-0"]
[WhiteElo "2271"]
[BlackElo "2192"]
[TimeControl "180+1"]
[EndTime "12:06:37 PDT"]
[Termination "rachidhuilda won on time"]

1. d4 e6 2. Nf3 f5 3. g3 Nf6 4. Bg2 Be7 5. b3 O-O 6. Bb2 d6 7. Nbd2 Nc6 8. e3 Qe8 9. O-O Qh5 10. c4 g5 11. d5 exd5 12. cxd5 Nb4 13. Nd4 Qxd1 14.
Rfxd1 Nbxd5 15. Nb5 c6 16. Nd4 Nb4 17. a3 Nbd5 18.
b4 Bd7 19. Rac1 Nb6 20. e4 Nxe4 21. Nxe4 fxe4 22. Bxe4 d5 23. Bg2 Nc4 24. Rc2 Nxb2 25. Rxb2 Bf6 26. Rc2 a6 27. f3 Rae8 28. Kf2 Re7 29.
Re2 Rfe8 30. Rxe7 Rxe7 31. g4 Kf7 32. Bf1 a5 33. Be2 axb4 34. axb4 Re8 35. Nf5 Bxf5 36. gxf5 Re5 37. b5 Rxf5 38. bxc6 bxc6 39. Rc1 c5 40. Kg3 Bd4 41. Rb1 Re5 42. Bd1 Kg6 43. Bc2+ Kf7 44. Rb6 h5 45. Rh6 h4+ 46. Kg4 Re2 47. Kxg5 Rxc2 48.
Rh7+ 1-0

[Event "*** Titled Tuesday Blitz"]
[Site "Chess.com"]
[Date "2021.04.20"]
[Round "11"]
[White "Andreikka"]
[Black "Sanan_Sjugirov"]
[Result "0-1"]
[WhiteElo "2880"]
[BlackElo "2939"]
[TimeControl "180+1"]
[EndTime "12:06:39 PDT"]
[Termination "Sanan_Sjugirov won by checkmate"]

1. e4 c5 2. Nf3 d6 3. d4 cxd4 4.
Nxd4 Nf6 5. Nc3 a6 6. Be2 e5 7. Nb3 Be7 8. O-O O-O 9. Re1 Be6 10. Bf3 Qc7 11. a4 Rd8 12. h3 h6 13. Be3 Nbd7 14.
a5 Rac8 15. Nd2 Nh7 16. Nf1 Ng5 17. Bg4 Qc6 18. Ng3 Re8 19. Nd5 Bf8 20. Bxg5 hxg5 21. Bxe6 fxe6 22. Nb4 Qc4 23. c3 Nf6 24. Nc2 Qb5 25. Qc1 g4 26. h4 d5 27. Qb1 Bc5 28. exd5 exd5 29. Ne3 e4 30. Ngf5 Rf8 31. Nd4 Bxd4 32.
cxd4 Qb4 33. Rd1 g3 34. fxg3 Qd6 35. Ra3 Nh5 36. g4 Nf4 37. Nf5 Qe6 38. Rf1 Ne2+ 39. Kh2 g6 40. Ng3 Nxd4 41. Qd1 Nc6 42. Rxf8+ Rxf8 43. g5 Ne5 44. Kg1 Ng4 45. Qd4 e3 46. Ne2 Qf5 47.
Ra1 Qf2+ 48. Kh1 Qxh4+ 49. Kg1 Qh2# 0-1

[Event "*** Titled Tuesday Blitz"]
[Site "Chess.com"]
[Date "2021.04.20"]
[Round "11"]
[White "Rsnr"]
[Black "Borsuk_Konstantin"]
[Result "1-0"]
[WhiteElo "2787"]
[BlackElo "2695"]
[TimeControl "180+1"]
[EndTime "12:06:39 PDT"]
[Termination "Rsnr won on time"]

1. b3 d5 2. Bb2 Nc6 3. e3 Bf5 4. f4 f6 5. Nf3 e6 6. Bb5 Ne7 7. O-O a6 8. Be2 Bg6 9. Nc3 Nf5 10. Bd3 Nb4 11. Bxf5 Bxf5 12. Nd4 c5 13. Nxf5 exf5 14.
a3 Nc6 15. Qf3 Ne7 16. Rad1 Qd7 17. Na4 Qc6 18. c4 dxc4 19. Qxc6+ Nxc6 20. bxc4 b5 21. Nb6 Rb8 22. Nd5 bxc4 23. Bc3 Rb3 24. Rb1 Kd7 25. Nb6+ Kc7 26. Nxc4 Rxb1 27. Rxb1 Be7 28. Rb6 Ra8 29. Kf2 Bd8 30. h3 h5 31. Kg3 Ra7 32.
Kh4 g6 33. Kg3 Kd7 34. Rb1 Ke6 35. Kf3 Kd5 36. d3 Ke6 37. a4 Rd7 38. Ke2 g5 39. g3 h4 40. gxh4 gxf4 41. exf4 Rh7 42. Kf3 Rxh4 43.
Kg3 Rh7 44. Re1+ Kd7 45. h4 Bc7 46. Ne3 Re7 47. Nxf5 Rh7 48. Kg4 Rh8 49. Bxf6 Rg8+ 50. Bg5 Bd6 51. h5 1-0

[Event "*** Titled Tuesday Blitz"]
[Site "Chess.com"]
[Date "2021.04.20"]
[Round "11"]
[White "AEMEffi"]
[Black "LifeIsAllAboutChess23"]
[Result "0-1"]
[WhiteElo "2321"]
[BlackElo "2191"]
[TimeControl "180+1"]
[EndTime "12:06:39 PDT"]
[Termination "LifeIsAllAboutChess23 won on time"]

1. d4 Nf6 2. c4 e5 3. dxe5 Ng4 4. Nh3 Nc6 5. e3 Bb4+ 6. Bd2 Bxd2+ 7. Nxd2 Ngxe5 8.
Be2 d6 9. Nf4 O-O 10. O-O Re8 11. a3 Ng6 12. Nxg6 hxg6 13. b4 Ne5 14. Nf3 Nxf3+ 15.
Bxf3 Rb8 16. Qd4 Qf6 17. Qxa7 Be6 18. Rac1 c6 19. Qd4 Qxd4 20. exd4 Ra8 21. Rc3 Bf5 22. h3 Ra6 23. g4 Be6 24. Re1 Rea8 25. d5 cxd5 26.
cxd5 Bd7 27. Ree3 Bb5 28. g5 Kf8 29. h4 Bd7 30. Kg2 Rc8 31. Kg3 Rxc3 32. Rxc3 Ra8 33. Rc7 Bf5 34. Rxb7 Rxa3 35. Kf4 Rd3 36. b5 Rd4+ 37.
Ke3 Rxh4 38. Rb8+ Ke7 39. Rb7+ Kf8 40. Ra7 Rb4 41. Be2 Rb3+ 42. Kd4 Rb4+ 43. Bc4 Bg4 44. Kc3 Rb1 45. Ra6 Rc1+ 46. Kb4 Rb1+ 0-1

[Event "*** Titled Tuesday Blitz"]
[Site "Chess.com"]
[Date "2021.04.20"]
[Round "11"]
[White "IriBu"]
[Black "Margency"]
[Result "0-1"]
[WhiteElo "2562"]
[BlackElo "2707"]
[TimeControl "180+1"]
[EndTime "12:06:43 PDT"]
[Termination "Margency won on time"]

1. e4 c5 2. Be2 Nc6 3. f4 g6 4.
Nf3 d6 5. O-O Bg7 6. c3 Nf6 7. d3 Bg4 8. Be3 O-O 9. Nbd2 Rb8 10. Kh1 b5 11. a3 a5 12. h3 Bxf3 13. Bxf3 Qc7 14. d4 cxd4 15. cxd4 e5 16. fxe5 dxe5 17. d5 Nd4 18. Rc1 Qd6 19. Nb3 Nxb3 20. Qxb3 a4 21. Qb4 Qxb4 22. axb4 Rfc8 23. Rc6 Ne8 24. Rfc1 Rd8 25. Bb6 Rd6 26. Rxd6 Nxd6 27. Bc7 Rc8 28. Rc6 Bf8 29. Bg4 f5 30. exf5 gxf5 31. Be2 e4 32. Kg1 Nc4 33. Bxc4 bxc4 34. b5 Bg7 35. b6 Bxb2 36. b7 Rf8 37. b8=Q Rxb8 38. Bxb8 a3 39.
Rxc4 a2 40. Ra4 a1=Q+ 41. Rxa1 Bxa1 42. d6 Kf7 43. Kf2 Ke6 44. d7 Kxd7 45. g4 Ke6 46.
Ke3 Bb2 47. gxf5+ Kxf5 48. Bc7 Bc1+ 49. Kd4 Bf4 50. Ba5 Bb8 51. Bb6 Kf4 52. Ba5 Kf3 53. Bd2 h5 54. Bg5 Bf4 55. Bh4 e3 56. Kd3 e2 0-1

[Event "*** Titled Tuesday Blitz"]
[Site "Chess.com"]
[Date "2021.04.20"]
[Round "11"]
[White "Mikasinski"]
[Black "ckgchess"]
[Result "0-1"]
[WhiteElo "2537"]
[BlackElo "2705"]
[TimeControl "180+1"]
[EndTime "12:06:44 PDT"]
[Termination "ckgchess won by resignation"]

1. e4 c5 2. Nf3 d6 3. d4 cxd4 4. Nxd4 Nf6 5. Nc3 g6 6. Be3 Bg7 7. f3 a6 8. Qd2 h5 9. Bd3 b5 10. a4 b4 11. Nd5 Nxd5 12. exd5 Bb7 13. Bc4 Qa5 14. O-O Nd7 15. Rfe1 Rc8 16. Nc6 Bxc6 17.
dxc6 Ne5 18. Bb3 O-O 19. Bg5 Rfe8 20. Rad1 Nxc6 21. Qf4 Qf5 22. Qxf5 gxf5 23. Bd5 e6 24. Bc4 Nb8 25. b3 d5 26. Bd3 Bf8 27. Bf4 a5 28. Bb5 Red8 29. Bg5 Rd6 30. Bf4 Rb6 31. Re2 Bc5+ 32.
Kh1 Nc6 33. Red2 Ne7 34. Be5 Ng6 35. Bb2 Bf8 36. Bd4 Bc5 37. Bb2 Bf8 38. Bd4 Rbb8 39. Ba7 Ra8 40. Bb6 Bc5 41. Bxc5 Rxc5 42. g3 Rac8 43. Bd3 Ne5 44. f4 Nxd3 45. cxd3 Rc3 46. Rb2 Rc1 47. Rxc1 Rxc1+ 48. Kg2 Rc3 49. Kh3 Kg7 50. Kh4 Kg6 51. d4 Kh6 52. h3 Kg6 53. Rb1 Rd3 54. Rc1 Rxb3 55. Rc5 Rd3 56. Rxa5 Rxd4 57.
Rb5 b3 58. a5 Ra4 59. Rxb3 Rxa5 60. Rb8 d4 61. Rg8+ Kf6 62. Rd8 Rd5 63. Ra8 d3 64.
Ra1 d2 65. Rd1 Kg6 0-1

[Event "*** Titled Tuesday Blitz"]
[Site "Chess.com"]
[Date "2021.04.20"]
[Round "11"]
[White "poppy73"]
[Black "GMJustin"]
[Result "0-1"]
[WhiteElo "2182"]
[BlackElo "2294"]
[TimeControl "180+1"]
[EndTime "12:06:44 PDT"]
[Termination "GMJustin won by checkmate"]

1. e4 c5 2. Nf3 e6 3. d4 cxd4 4. Nxd4 Nf6 5. Bd3 Nc6 6. Nxc6 dxc6 7. O-O e5 8. Nd2 Bc5 9. Nc4 Qe7 10. Be3 O-O 11.
Bxc5 Qxc5 12. Qe2 Be6 13. Qe3 Qxe3 14. Nxe3 Rfd8 15. f3 Rd4 16. Rad1 Rad8 17. b3 b5 18. Be2 Kf8 19. Rd3 Rxd3 20. Bxd3 Nd7 21. Rd1 Nc5 22. Be2 Rxd1+ 23. Bxd1 a5 24. Kf2 g6 25. Be2 f5 26.
exf5 gxf5 27. c4 b4 28. g3 Ke7 29. Ke1 a4 30. bxa4 Nxa4 31. Nc2 c5 32. a3 b3 33. Ne3 b2 34. Bd3 Nc3 35. Kd2 b1=Q 36. Bxb1 Nxb1+ 37. Kc2 Nxa3+ 38. Kb3 Nxc4 39. Nxc4 e4 40. fxe4 fxe4 41. Kc3 Bxc4 42. Kxc4 h5 43. h3 Kf6 44. Kc3 Kf5 45. Kd2 c4 46. Ke3 c3 47. Ke2 Ke5 48. Ke3 Kd5 49. Ke2 Kd4 50. g4 hxg4 51. hxg4 e3 52.
Kd1 Kd3 53. g5 e2+ 54. Ke1 c2 55. g6 c1=Q+ 56. Kf2 e1=Q+ 57. Kf3 Qg1 58. g7 Qce3# 0-1

[Event "*** Titled Tuesday Blitz"]
[Site "Chess.com"]
[Date "2021.04.20"]
[Round "11"]
[White "Abund"]
[Black "Goryachkina"]
[Result "1/2-1/2"]
[WhiteElo "2743"]
[BlackElo "2656"]
[TimeControl "180+1"]
[EndTime "12:06:45 PDT"]
[Termination "Game drawn - insufficient material"]

1. e4 c5 2. Nf3 e6 3. g3 d5 4.
exd5 exd5 5. d4 Nf6 6. Bg2 Be7 7. O-O O-O 8. dxc5 Bxc5 9. Nc3 h6 10. a3 Be6 11. b4 Be7 12. Bb2 Nbd7 13. Nd4 Nb6 14. Nxe6 fxe6 15. Qe2 Nc4 16. Qxe6+ Kh8 17. Nxd5 Re8 18.
Nxf6 Bxf6 19. Bxf6 Rxe6 20. Bxd8 Rxd8 21. Bxb7 Rd2 22. c3 Rf6 23. a4 Rc2 24. Rac1 Rb2 25.
Rcd1 Nd2 26. Rfe1 Nf3+ 27. Bxf3 Rxf3 28. Rb1 Rbxf2 29. Rf1 Rxf1+ 30. Rxf1 Rxc3 31. a5 Rb3 32. Rf4 Rb2 33. h4 Kh7 34. h5 Rd2 35. g4 Rb2 36.
Kf1 g5 37. hxg6+ Kxg6 38. Rc4 Kg5 39. Rc7 Rxb4 40. Rxa7 Kxg4 41. a6 Ra4 42. Rg7+ Kf3 43. Rf7+ Ke3 44. a7 h5 45. Kg2 Ke4 46. Kg3 Kd5 47.
Rh7 Kc6 48. Rh6+ Kb7 49. Rh7+ Ka8 50. Rh8+ Kxa7 51. Rh7+ Kb6 52. Rxh5 Ra3+ 53. Kh4 Ra4+ 54. Kg5 Ra5+ 55. Kg6 Rxh5 56. Kxh5 1/2-1/2

[Event "*** Titled Tuesday Blitz"]
[Site "Chess.com"]
[Date "2021.04.20"]
[Round "11"]
[White "ChampStan"]
[Black "kuba2006"]
[Result "1-0"]
[WhiteElo "2119"]
[BlackElo "2316"]
[TimeControl "180+1"]
[EndTime "12:06:46 PDT"]
[Termination "ChampStan won on time"]

1. d4 Nf6 2. c4 d6 3. Nf3 Nbd7 4.
g3 e5 5. Bg2 Be7 6. O-O O-O 7.
Nc3 c6 8. e4 a6 9. a4 a5 10. h3 Re8 11. Be3 exd4 12. Nxd4 Nc5 13. Qc2 Bf8 14. Rfe1 g6 15. Rad1 Qe7 16. Bf4 Nfd7 17.
Be3 Bg7 18. f4 Na6 19. Bf2 Nb4 20. Qb1 Nc5 21. Kh2 h5 22. Nde2 Bh6 23. Rd2 h4 24.
g4 Nb3 25. Rdd1 g5 26. fxg5 Bxg5 27. Kh1 Nd2 28. Rxd2 Bxd2 29. Rd1 Bg5 30. Nd4 Be6 31. b3 f6 32. Nce2 Rad8 33. Ng1 d5 34. exd5 cxd5 35. Re1 Qf7 36. c5 Qc7 37. Qg6+ Qg7 38. Qxg7+ Kxg7 39. Nxe6+ Rxe6 40. Rxe6 d4 41. Re1 d3 42. Rd1 Na2 43. Nf3 Nc3 44. Rd2 Ne4 45. Nxg5 Nxd2 46. Ne6+ Kg6 47. Nxd8 Ne4 48. Bxe4+ 1-0

[Event "*** Titled Tuesday Blitz"]
[Site "Chess.com"]
[Date "2021.04.20"]
[Round "11"]
[White "gisela_roque"]
[Black "Steegersee"]
[Result "0-1"]
[WhiteElo "1825"]
[BlackElo "2224"]
[TimeControl "180+1"]
[EndTime "12:06:46 PDT"]
[Termination "Steegersee won on time"]

1. c4 c6 2. Nf3 d5 3. b3 Nf6 4.
g3 g6 5. Bg2 Bg7 6. O-O Ne4 7.
d4 O-O 8. Bb2 Bf5 9. Nc3 Nd7 10.
e3 a5 11. Nh4 Nxc3 12. Bxc3 dxc4 13. bxc4 Nb6 14. Nxf5 gxf5 15. Qe2 e6 16. Rab1 Ra6 17.
Rb2 Na4 18. Rc2 Nxc3 19. Rxc3 Qd7 20. Rb3 Rb8 21. Rfb1 a4 22. Rb4 Bf8 23. c5 b5 24.
e4 fxe4 25. Bxe4 f5 26. Bg2 Bg7 27. Rd1 h6 28. Qc2 Kf7 29. Qe2 Bf6 30. Qh5+ Kg7 31.
Qf3 Qf7 32. a3 Rd8 33. Qe2 Bg5 34. Rb2 Rd7 35. h4 Bf6 36. Rbd2 Rc7 37. Qf3 Ra8 38. Qf4 Rd8 39. Bf3 Rdd7 40. Qe3 Kh7 41. Qe2 Re7 42.
Bh5 Qg7 43. Qf3 Bxh4 44. Kh2 Bg5 45. Rd3 Bf6 46. g4 Qg5 47. gxf5 exf5 48. Qh3 f4 49.
Bf3 Qg7 50. Qf5+ Kh8 51. Be4 Bg5 52. Rh3 Qf6 0-1